 Dungeon Crawl Stone Soup version 0.29-a0-982-gaed3a0c8d8 (webtiles) character file.

Game seed: 10536951130595106809

795 flotson the Trooper (level 7, -11/55 HPs)
             Began as a Demonspawn Delver on Aug 2, 2022.
             Mangled by an ogre
             ... wielding a +0 giant club
              (23 damage)
             ... on level 5 of the Dungeon.
             The game lasted 00:08:12 (5698 turns).

flotson the Trooper (Demonspawn Delver)             Turns: 5698, Time: 00:08:13

Health: -11/55     AC:  3    Str: 20    XL:     7   Next: 58%
Magic:  7/7        EV: 12    Int: 14    God:
Gold:   267        SH:  4    Dex: 14    Spells: 6/6 levels left

rFire   . . .      SeeInvis .   a - +8 hand axe of Valiance {venom, *Corrode Str+6}
rCold   + . .      Faith    .   (no shield)
rNeg    . . .      Spirit   .   p - +0 ring mail
rPois   .          Reflect  .   (helmet restricted)
rElec   .          Harm     .   (no cloak)
rCorr   .          Rampage  .   (no gloves)
Will    .....                   o - +1 pair of boots
Stlth   ++........              (no amulet)
HPRegen 0.18/turn               n - ring of protection from cold
MPRegen 0.10/turn               (no ring)

@: corroded
A: horns 1, spiny 1, big brain 1, condensation shield
a: no special abilities


You were on level 5 of the Dungeon.
You visited 1 branch of the dungeon, and saw 5 of its levels.

You collected 267 gold pieces.

Inventory:

Hand Weapons
 a - the +8 hand axe of Valiance (weapon) {venom, *Corrode Str+6}
   (You found it on level 4 of the Dungeon)

   It poisons the flesh of those it strikes.
   Str:       It affects your strength (+6).
   *Corrode:  It may corrode you when you take damage.
 b - a +0 sling
Missiles
 l - 6 boomerangs (quivered)
 m - 12 poisoned darts
 A - 2 atropa-tipped darts
Armour
 o - a +1 pair of boots (worn)
 p - a +0 ring mail (worn)
Jewellery
 n - a ring of protection from cold (left hand)
Wands
 f - a wand of charming (3)
 g - a wand of digging (1)
 y - a wand of flame (18)
Scrolls
 c - 2 scrolls of fog
 d - 3 scrolls of vulnerability {unknown}
 e - 2 scrolls of fear
 h - a scroll of blinking {unknown}
 i - 2 scrolls of torment {unknown}
 j - 2 scrolls of magic mapping
 q - 2 scrolls of summoning {unknown}
 s - 2 scrolls of identify {unknown}
 t - 3 scrolls of teleportation {unknown}
 w - a scroll of silence {unknown}
Potions
 k - 2 potions of brilliance {unknown}
 r - 2 potions of mutation {unknown}
 u - a potion of flight {unknown}
 v - a potion of berserk rage {unknown}
 x - a potion of curing {unknown}
 z - a potion of haste


   Skills:
 + Level 4.7 Fighting
 + Level 2.2(2.5) Axes
 - Level 1.7(2.3) Polearms
 + Level 2.6 Throwing
 + Level 3.1 Armour
 + Level 3.6 Dodging
 - Level 4.5 Stealth
 + Level 3.4 Evocations


You had 6 spell levels left.
You didn't know any spells.
Your spell library contained the following spells:

 Spells                   Type           Power      Damage    Failure   Level
 Call Canine Familiar     Summ           0%         N/A       82%         3
 Gell's Gravitas          Tloc           0%         N/A       82%         3
 Lesser Beckoning         Tloc           0%         N/A       82%         3
 Portal Projectile        Hex/Tloc       0%         N/A       82%         3
 Stone Arrow              Conj/Erth      0%         3d7       82%         3
 Teleport Other           Tloc           0%         N/A       82%         3
 Animate Armour           Summ/Erth      0%         N/A       99%         4
 Leda's Liquefaction      Hex/Erth       0%         N/A       99%         4
 Summon Lightning Spire   Summ/Air       0%         N/A       99%         4
 Summon Forest            Summ/Tloc      0%         N/A       100%        5
 Summon Mana Viper        Hex/Summ       0%         N/A       100%        5
 Summon Cactus Giant      Summ           0%         N/A       100%        6
 Storm Form               Tmut/Air       0%         N/A       100%        7
 Lehudib's Crystal Spear  Conj/Erth      0%         10d2      100%        8
 Maxwell's Capacitive Co  Air            0%         ∞         100%        8


Dungeon Overview and Level Annotations

Branches:
Dungeon (5/15)
 Temple: D:4-7

Altars:
Cheibriados
Wu Jian

Shops:
D:2 [

Annotations:
D:3 2 transporters, bchevrier's ghost, amateur GnWn


Innate Abilities, Weirdness & Mutations

You have a pair of small horns on your head.
You are partially covered in sharp spines.
You have an unusually large brain. (Int +2)
A meltable shield of frost defends you. (SH +4)


Message History

You kill the hound!
The orc closely misses you. The orc is struck by your spines.
The orc hits you with a +0 trident.
You see here a hound corpse.
You hit the orc but do no damage.
The orc is severely wounded.
An orc wizard comes into view. It is wielding a +0 dagger.
The orc is struck by your spines.
You kill the orc!
You slash the orc wizard!
The orc wizard is poisoned.
You headbutt the orc wizard, but do no damage.
The orc wizard is heavily wounded.
The orc wizard is struck by your spines.
The orc wizard barely misses you.
You slash the orc wizard!
You kill the orc wizard!
No target in view!
No target in view!
No target in view!
No target in view!
No target in view!
Items here: )) [[ †.
An ogre is nearby!
You completely miss the ogre. The ogre is struck by your spines.
The ogre hits you with a +0 giant club!
Your corrosive artefact corrodes you!
You hit the ogre.
The ogre is poisoned.
The ogre is moderately wounded.
The ogre is struck by your spines.
The ogre hits you with a +0 giant club!!
Ouch! That really hurt!
* * * LOW HITPOINT WARNING * * *
You are too injured to fight recklessly!
You are too injured to fight recklessly!
You are too injured to fight recklessly!
You are too injured to fight recklessly!
You are too injured to fight recklessly!
You are too injured to fight recklessly!
The ogre attacks as you move away!
The ogre hits you with a +0 giant club!!
You die...

....#.#................#
....#.#....####.########*
...............>#..,,,,,*
....#.####.####.#.#**,***
#.#........# #.#.# *,*
#.......#######.#.# *,*
'...............#.# *,*
#.......#########.###,*
#.###..........†@...#,***
#.# #############O#.#,,,*
#.# ****,,,,,.#,*,*** #.#
*,,,,****##,*,*
#.###****,**,,,,,**,*,*
#.#..,,,,,,,,,**,**,*,*
#.#.#####****,**,**,*,*
#.#.#...,,,,*,,*,**,*,*
..#...,,_,,,*,,,,,,,*,*


You could see an ogre (very poisoned).

Vanquished Creatures
  A water moccasin (D:5)
  An ogre (D:5)
  Blork the orc (D:5)
  2 necrophages
  A jelly (D:5)
  A hound (D:5)
  An orc priest (D:4)
  2 iguanas
  4 orc wizards
  A mummy (D:3)
  8 adders
  An ufetubus (D:4)
  2 worms (D:2)
  3 dart slugs
  8 orcs
  4 ball pythons
  3 endoplasms
  6 giant cockroaches
  4 hobgoblins
  3 jackals (D:3)
  4 kobolds
  2 quokkas
  3 bats
  6 frilled lizards
  12 goblins
  9 rats
93 creatures vanquished.

Vanquished Creatures (others)
  A plant (D:2)
1 creature vanquished.

Grand Total: 94 creatures vanquished

Notes
Turn   | Place    | Note
-------+----------+-------------------------------------------
     0 | D:5      | flotson the Demonspawn Delver began the quest for the Orb.
     0 | D:5      | Reached XP level 1. HP: 18/18 MP: 1/1
    27 | D:5      | Noticed an ogre
    35 | D:5      | Noticed an iguana
    71 | D:4      | Gained mutation: A meltable shield of frost defends you.
                  | (SH +4) [demonic ancestry]
    71 | D:4      | Reached XP level 2. HP: 5/24 MP: 2/2
   317 | D:3      | You fall into a shaft and drop 1 floor!
   364 | D:3      | Reached skill level 1 in Evocations
   763 | D:3      | Reached skill level 1 in Armour
   763 | D:3      | Gained mutation: You have a pair of small horns on your
                  | head. [demonic ancestry]
   763 | D:3      | Reached XP level 3. HP: 18/29 MP: 3/3
   964 | D:3      | Found a transporter.
  1049 | D:2      | Found a faded altar of an unknown god.
  1974 | D:2      | Gained mutation: You have an unusually large brain. (Int
                  | +2) [demonic ancestry]
  1974 | D:2      | Reached XP level 4. HP: 26/35 MP: 4/4
  2145 | D:2      | Found Nejuv's Antique Armour Emporium.
  2271 | D:2      | Reached skill level 1 in Throwing
  2912 | D:3      | Noticed bchevrier's ghost (amateur GnWn)
  2917 | D:3      | Found a transporter.
  3034 | D:3      | Found a snail-covered altar of Cheibriados.
  3389 | D:4      | Reached XP level 5. HP: 42/42 MP: 5/5
  3518 | D:4      | Noticed a phantom
  4080 | D:4      | Identified the +8 hand axe of Valiance {venom, *Corrode
                  | Str+6}
  4265 | D:4      | Reached skill level 1 in Axes
  4265 | D:4      | Reached XP level 6. HP: 43/48 MP: 6/6
  4876 | D:5      | Found an ornate altar of the Wu Jian Council.
  5395 | D:5      | Gained mutation: You are partially covered in sharp spines.
                  | [demonic ancestry]
  5395 | D:5      | Reached XP level 7. HP: 55/55 MP: 7/7
  5408 | D:5      | Noticed Blork the orc
  5418 | D:5      | Killed Blork the orc
  5698 | D:5      | Mangled by an ogre

Illustrated notes

Levels and vault maps discovered:
D:1:      amcnicky_arrival_blooded_trapdoor, layout_basic
D:2:      layout_basic, serial_shops, nicolae_shop_overgrown_old_shop,
          serial_corexii_hall, corexii_hall_statues_i, corexii_hall_statues_i,
          nicolae_ecumenical_pavilion, amcnicky_mini_pool_small
D:3:      layout_basic, slow_altar_1, gammafunk_ghost_mausoleum
D:4:      layout_basic, gup_sewer_entry_glass, minmay_mini_jars
D:5:      layout_basic, vehumet_statue, mainiacjoe_overflow_tiny_flanked,
          uniq_blork_the_orc

Skill      XL: |  1  2  3  4  5  6  7 |
---------------+----------------------+-----
Dodging        | 2 3 |  3.6
Evocations     | 1 2 3 |  3.4
Armour         | 1 2 3 |  3.1
Throwing       | 1 2 |  2.6
Fighting       | 4 |  4.7
Axes           | 1 2 |  2.2
Polearms       | |  1.7
Stealth        | |  4.5

Action                   |  1- 3 |  4- 6 |  7- 9 || total
-------------------------+-------+-------+-------++-------
Melee: Spear             |   171 |   127 |       ||   298
       Punch             |     2 |       |       ||     2
       Headbutt          |    17 |    31 |     2 ||    50
       Hand axe          |       |    51 |    15 ||    66
 Fire: Sling             |       |     9 |       ||     9
Evoke: Wand              |     1 |     2 |       ||     3
  Use: Scroll            |     1 |     2 |       ||     3
       Potion            |     1 |       |       ||     1
 Stab: Sleeping          |     3 |     9 |       ||    12
       Distracted        |     1 |       |       ||     1
Armor: Leather armour    |    11 |       |       ||    11
       Chain mail        |    12 |       |       ||    12
       Plate armour      |    12 |       |       ||    12
       Ring mail         |    10 |    43 |     2 ||    55
       Scale mail        |    10 |       |       ||    10
Dodge: Dodged            |    55 |    61 |    10 ||   126
Block: Other             |    29 |    28 |     3 ||    60

Table legend: (Time is in decaauts)
 A = Elapsed time spent in this place.
 B = Non-inter-level travel time spent in this place.
 C = Inter-level travel time spent in this place.
 D = Time resting spent in this place.
 E = Time spent auto-exploring this place.
 F = Levels seen in this place.
 G = Mean time per level.
                   A        B        C        D        E       F      G
               +--------+--------+--------+--------+--------+-----+--------+
         Total |   5706 |   5559 |    147 |    730 |   3814 |   5 | 1141.2 |
       Dungeon |   5706 |   5559 |    147 |    730 |   3814 |   5 | 1141.2 |
               +--------+--------+--------+--------+--------+-----+--------+

Top non-repeatable levels by time:
     D:4: 1686 daAuts
     D:3: 1352 daAuts
     D:2: 1248 daAuts
     D:1: 797 daAuts
     D:5: 621 daAuts
